 Dungeon Crawl Stone Soup version 0.31-a0-700-gf13585253f (webtiles) character file.

Game seed: 2868283838650392136

35 qw the Shooter (level 3, 0/22 HPs)
             Began as a Gargoyle Hunter on Sept 7, 2023.
             Slain by a rat (1 damage)
             ... on level 2 of the Dungeon.
             The game lasted 00:00:23 (1090 turns).

qw the Shooter (Gargoyle Hunter)                    Turns: 1090, Time: 00:00:24

Health: 0/22       AC:  6    Str: 14    XL:     3   Next: 33%
Magic:  3/3        EV: 11    Int:  9    God:
Gold:   83         SH:  0    Dex: 15    Spells: 2/2 levels left

rFire   . . .        Y - +0 shortbow
rCold   . . .        (shield currently unavailable)
rNeg    + . .        c - +0 leather armour
rPois   inf          (no helmet)
rElec   +            (no cloak)
rCorr   .            (no gloves)
SInv    .            (no boots)
Will    .....        (no amulet)
Stlth   ++           (no ring)
HPRegen 0.23/turn    (no ring)
MPRegen 0.08/turn

%: no passive effects
@: no status effects
A: sickness immunity, AC +3, negative energy resistance 1, electricity
resistance, torment resistance 1, petrification resistance
a: no special abilities


You were on level 2 of the Dungeon.
You visited 1 branch of the dungeon, and saw 2 of its levels.

You collected 83 gold pieces.


Innate Abilities, Weirdness & Mutations

You are immune to sickness and miasma.
Your stone body is resilient. (AC +3)
You are immune to poison.
You resist negative energy. (rN+)
You are resistant to electric shocks. (rElec)
You are resistant to unholy torment.
You are immune to petrification.


   Skills:
 + Level 2.3 Fighting
 - Level 5.0 Ranged Weapons
 - Level 1.5 Dodging
 - Level 1.1 Stealth


You had 2 spell levels left.
You didn't know any spells.
Your spell library was empty.

Inventory:

Hand Weapons
 Y - a +0 shortbow (weapon)
Armour
 c - a +0 leather armour (worn)
Potions
 d - a potion of curing {unknown}
 f - a potion of cancellation {unknown}
 h - a potion of mutation {unknown}
 j - a potion of lignification {unknown}

Dungeon Overview and Level Annotations

Branches:
Dungeon (2/15)

Altars:

Shops:
D:1 :


Message History

You kill the bat!
Found a stone staircase leading down.
Things that are here:
a +0 club; a bat corpse; a kobold corpse A malevolent force fills the Dungeon... and a teleportation trap spontaneously manifests!
You are yanked towards some nearby monsters!
Your surroundings suddenly seem different.
A worm and a rat come into view.
You shoot an arrow. The arrow hits the worm.
The worm is lightly wounded.
The worm bites you.
You shoot an arrow. The arrow hits the worm.
The worm is moderately wounded.
The worm closely misses you.
You shoot an arrow. The arrow hits the worm.
The worm is moderately wounded.
The rat bites you but does no damage. The worm barely misses you.
You shoot an arrow.
The arrow hits the worm but does no damage.
The worm is moderately wounded.
The rat bites you but does no damage. The rat misses you.
You shoot an arrow. The arrow hits the worm.
The worm is heavily wounded.
The worm bites you. The rat misses you.
You shoot an arrow. The arrow barely misses the worm.
The rat bites you but does no damage. The worm bites you.
You shoot an arrow. The arrow barely misses the worm.
The rat bites you but does no damage. The worm bites you.
You shoot an arrow. The arrow hits the worm.
The worm is heavily wounded.
The rat bites you but does no damage. x2
You shoot an arrow. The arrow hits the worm.
The worm is heavily wounded.
The worm bites you! The rat bites you but does no damage.
You shoot an arrow. The arrow hits the worm.
The worm is severely wounded.
The rat closely misses you. The worm bites you.
You shoot an arrow. The arrow barely misses the worm.
The rat bites you.
You die...

# #. ###
#..#w##+#
#..r@...#
#########


You could see a worm and a rat.

Vanquished Creatures
  An adder (D:2)
  3 bats
  3 endoplasms
  2 giant cockroaches (D:1)
  3 goblins (D:1)
  3 quokkas (D:1)
  A ball python (D:1)
  2 frilled lizards
  2 kobolds
  3 rats (D:1)
23 creatures vanquished.

Notes
Turn   | Place    | Note
-------+----------+-------------------------------------------
     0 | D:1      | qw the Gargoyle Hunter began the quest for the Orb.
     0 | D:1      | Reached XP level 1. HP: 12/12 MP: 1/1
     0 | D:1      | 0 ||| qw: Version: 0.3-a-76-g4403597
     0 | D:1      | 0 ||| qw: Game counter: 500
     0 | D:1      | 0 ||| qw: Melee chars always use a shield: true
     0 | D:1      | 0 ||| qw: God list: Okawaru
     0 | D:1      | 0 ||| qw: Allow faded altars: false
     0 | D:1      | 0 ||| qw: Do Orc after clearing Dungeon:15 true
     0 | D:1      | 0 ||| qw: Do second Lair branch before Depths: true
     0 | D:1      | 0 ||| qw: Lair rune preference: random
     0 | D:1      | 0 ||| qw: Goals: Normal
     0 | D:1      | 0 ||| PLANNING D:1-11
    57 | D:1      | Found Muomuc's Book Shoppe.
   268 | D:1      | Reached XP level 2. HP: 17/17 MP: 2/2
   902 | D:1      | 902 ||| READING 2 scrolls labelled HOKLEUTAMN.
   903 | D:1      | 903 ||| READING scroll labelled VATUAD RIOCA.
   904 | D:1      | 904 ||| READING scroll labelled SIAMUCO DUUFE.
   908 | D:1      | 908 ||| READING scroll labelled NASTATUICIW.
   909 | D:1      | 909 ||| READING scroll labelled MUSAANIGASO.
   910 | D:1      | 910 ||| DROPPING scroll of poison.
   911 | D:1      | 911 ||| DROPPING scroll of butterflies.
  1007 | D:2      | Reached skill level 5 in Ranged Weapons
  1007 | D:2      | Reached XP level 3. HP: 13/21 MP: 3/3
  1088 | D:2      | HP: 5/22 [worm (9)]
  1089 | D:2      | HP: 1/22 [worm (5)]
  1090 | D:2      | Slain by a rat

Levels and vault maps discovered:
D:1:      dpeg_arrival_long_road, layout_basic, serial_shops, shop
D:2:      minmay_wonky_spiral, layout_basic

Skill      XL: |  1  2 |
---------------+-------+-----
Ranged Weapons | 5 |  5.0
Fighting       | |  2.3
Dodging        | |  1.5
Stealth        | |  1.1

Action                     || total
---------------------------++-------
   Fire: Shortbow          ||   103
    Use: Scroll            ||     5
 Armour: Leather armour    ||    43
  Dodge: Dodged            ||    43

Table legend:
 A = Non-vault XP
 B = Vault XP
 C = Vault XP percentage of total XP
 D = Non-vault monster count
 E = Vault monster count
 F = Vault count percentage of total count
                 A         B        C        D         E       F
            +---------+---------+-------+---------+---------+-------
      Total |      50 |       0 |   0.0 |      23 |       0 |   0.0
            +---------+---------+-------+---------+---------+-------
        D:1 |      30 |       0 |   0.0 |      18 |       0 |   0.0
        D:2 |      20 |       0 |   0.0 |       5 |       0 |   0.0
            +---------+---------+-------+---------+---------+-------
